Map: Noc zainfekowanych

Players

SashaMaster

  • Race: Protoss Protoss
  • Spawn Location: 0:00

Legol

  • Race: Terran Terran
  • League: Gold

VOD

Have the link to the VOD?

Description

Time

  • Played on: Jan. 7, 2020, 1:38 p.m.
  • Length: 35:39
Show
View Real Time Build Order
Export as new Build Order

SashaMaster Protoss 

Build Orders:  

Get SALT Encoding   

  12  0:12  Probe (Chrono Boost)  
  13  0:26  Probe (Chrono Boost)  
  14  0:39  Probe (Chrono Boost)  
  15  0:55  Assimilator  
  15  0:59  Assimilator  
  15  1:15  Assimilator  
  15  1:21  Pylon  
  15  1:28  Pylon  
  15  1:45  Probe (Chrono Boost)  
  16  1:59  Probe (Chrono Boost)  
  17  2:13  Probe (Chrono Boost)  
  18  2:27  Probe (Chrono Boost)  
  18  2:29  Gateway  
  19  2:31  Gateway  
  19  2:41  Probe (Chrono Boost)  
  20  3:02  Gateway  
  20  3:22  Gateway  
  20  3:32  Pylon  
  20  3:46  Pylon  
  20  3:53  Probe (Chrono Boost)  
  21  4:07  Probe (Chrono Boost)  
  22  4:41  Supplicant x4  
  30  5:41  Probe (Chrono Boost)  
  31  5:53  Supplicant x4  
  31  5:55  Probe (Chrono Boost)  
  40  6:09  Probe (Chrono Boost)  
  41  6:23  Probe (Chrono Boost)  
  42  6:37  Probe (Chrono Boost)  
  43  7:00  Supplicant x2  
  47  7:23  Gateway  
  47  7:27  Pylon  
  47  7:52  Supplicant x4  
  51  8:20  Supplicant x2  
  51  8:27  Supplicant x2  
  53  10:04  Supplicant x2  
  55  10:13  Pylon  
  55  10:15  Pylon  
  55  10:18  Pylon  
  55  10:20  Pylon  
  55  10:22  Pylon  
  55  10:26  Pylon  
  55  10:27  Probe (Chrono Boost)  
  54  10:34  Pylon  
  54  10:37  Pylon  
  54  10:38  Supplicant x2  
  54  10:39  Supplicant x2  
  62  10:40  Supplicant x2, Pylon  
  62  10:41  Probe (Chrono Boost)  
  62  10:42  Pylon  
  67  11:06  Supplicant x2  
  71  11:18  Supplicant x6  
  83  11:31  Probe (Chrono Boost)  
  83  11:34  Supplicant x2  
  88  11:45  Probe (Chrono Boost)  
  88  11:46  Supplicant x4  
  97  11:59  Probe (Chrono Boost)  
  97  12:02  Pylon  
  97  12:04  Pylon  
  98  12:11  Pylon  
  98  12:13  Probe (Chrono Boost)  
  98  12:17  Pylon  
  99  12:26  Pylon  
  99  12:27  Probe (Chrono Boost)  
  100  12:32  Pylon  
  100  12:41  Probe (Chrono Boost)  
  101  12:54  Probe (Chrono Boost)  
  84  13:59  Supplicant x10  
  76  14:26  Supplicant x2  
  76  14:27  Supplicant x8  
  78  15:19  Supplicant x4  
  86  15:20  Supplicant x4  
  86  15:25  Probe (Chrono Boost)  
  95  15:39  Probe (Chrono Boost)  
  95  15:40  Pylon  
  95  15:47  Supplicant x4  
  95  15:48  Supplicant x4  
  112  15:53  Probe (Chrono Boost)  
  113  16:10  Probe (Chrono Boost)  
  113  16:19  Pylon  
  112  16:21  Pylon  
  112  16:24  Pylon  
  112  16:26  Pylon  
  112  16:28  Pylon  
  106  16:37  Forge  
  106  16:40  Forge  
  106  17:04  Supplicant x6  
  106  17:05  Supplicant x2  
  122  17:21  Pylon  
  122  17:28  Protoss Ground Weapons Level 1, Protoss Air Weapons Level 1  
  122  17:29  Protoss Shields Level 1  
  118  17:36  Photon Cannon  
  112  17:43  Photon Cannon  
  106  17:50  Pylon  
  106  17:57  Pylon  
  74  18:59  Supplicant x10  
  92  19:27  Supplicant x2  
  94  19:33  Photon Cannon  
  94  19:36  Photon Cannon  
  94  19:39  Photon Cannon  
  94  19:41  Photon Cannon  
  94  19:44  Photon Cannon  
  94  19:46  Photon Cannon  
  86  20:01  Cybernetics Core  
  84  20:40  Photon Cannon  
  84  20:43  Photon Cannon  
  84  20:46  Photon Cannon  
  84  20:48  Photon Cannon  
  84  20:50  Photon Cannon  
  84  21:16  Photon Cannon  
  84  21:18  Photon Cannon  
  51  23:37  Probe (Chrono Boost)  
  50  23:51  Probe (Chrono Boost)  
  50  23:56  Photon Cannon x2  
  50  23:58  Photon Cannon  
  41  24:01  Photon Cannon  
  41  24:04  Photon Cannon  
  41  24:05  Probe (Chrono Boost)  
  41  24:06  Photon Cannon  
  41  24:08  Photon Cannon  
  30  24:10  Photon Cannon  
  30  24:12  Photon Cannon  
  30  24:13  Photon Cannon  
  30  24:17  Photon Cannon  
  30  24:19  Probe (Chrono Boost)  
  23  24:21  Photon Cannon  
  23  24:22  Photon Cannon  
  23  24:33  Probe (Chrono Boost)  
  24  24:42  Protoss Air Armor Level 1, Protoss Ground Armor Level 1  
  24  24:47  Probe (Chrono Boost)  
  25  25:00  Probe (Chrono Boost)  
  25  25:08  Photon Cannon  
  25  25:09  Photon Cannon  
  26  25:14  Probe (Chrono Boost)  
  26  25:15  Photon Cannon  
  26  25:18  Photon Cannon  
  27  25:21  Photon Cannon  
  27  25:31  Photon Cannon  
  27  25:37  Photon Cannon  
  27  25:42  Photon Cannon  
  27  25:47  Photon Cannon  
  27  25:57  Probe (Chrono Boost)  
  28  26:11  Probe (Chrono Boost)  
  29  26:25  Probe (Chrono Boost)  
  29  26:29  Supplicant x2  
  34  26:30  Supplicant x4  
  34  26:39  Probe (Chrono Boost)  
  4  34:14  Nexus  
Show
View Real Time Build Order
Export as new Build Order

Legol Terran 

Build Orders:  

Get SALT Encoding   

  12  0:03  SCV  
  13  0:20  SCV  
  14  0:34  Refinery  
  14  0:37  SCV  
  15  0:54  SCV  
  16  1:10  Engineering Bay  
  16  1:11  SCV  
  17  1:27  Gunslingers Hideout  
  17  1:28  SCV  
  18  1:44  SCV  
  19  2:01  SCV  
  19  2:06  Muscle Armory, Outlaw Weapons Level 1  
  20  2:18  SCV  
  21  2:35  SCV  
  22  2:51  Refinery  
  22  2:52  SCV  
  23  3:01  Fixers Safehouse, Tychus  
  23  3:09  SCV  
  24  3:27  James Sirius Sykes  
  34  3:37  SCV  
  35  3:54  SCV  
  36  4:11  SCV  
  36  4:17  Medivac Platform  
  37  4:28  SCV  
  38  4:45  SCV  
  39  5:02  SCV  
  32  5:10  Outlaw Weapons Level 2  
  40  5:19  SCV  
  41  5:20  Engineering Bay  
  41  5:24  Engineering Bay  
  41  5:27  Engineering Bay  
  41  5:36  SCV  
  42  5:56  Medivac Platform  
  42  5:58  SCV  
  43  6:06  Refinery  
  43  6:15  SCV  
  44  6:30  Outlaw Life and Armor Level 1  
  44  6:32  SCV  
  45  6:49  SCV  
  46  7:06  SCV  
  47  7:23  SCV  
  47  7:27  Kev Rattlesnake West  
  58  7:40  SCV  
  58  7:43  Outlaw Weapons Level 3  
  59  8:30  SCV  
  59  8:38  Outlaw Life and Armor Level 2  
  59  8:39  ITC-E Triggers  
  60  9:57  KD9a Implosion Core  
  60  9:58  Vanadium Shell, Kel-Morian Ripper Rounds  
  60  10:46  Auto-Turret x2  
  60  10:48  Auto-Turret  
  60  10:51  Auto-Turret x3  
  60  10:55  Auto-Turret  
  60  11:47  Outlaw Weapons Level 4  
  60  11:48  Outlaw Life and Armor Level 3, Flashforce GDM Visor  
  60  12:23  Auto-Turret x2  
  60  12:24  Auto-Turret  
  60  12:25  Auto-Turret x2  
  60  12:26  Auto-Turret  
  60  12:28  Auto-Turret  
  60  13:12  Medivac Platform  
  60  13:52  Miles Blaze Lewis  
  70  14:23  Endurance Supplements  
  70  14:53  SCV  
  70  14:57  Outlaw Weapons Level 5  
  71  18:08  SureShot Networked Helmet  
  71  18:13  High Capacity Containers, Umojan Signal Modulator  
  71  18:14  Moebius Aggression Blend, Hades Oil  
  71  19:30  Auto-Turret x2  
  71  19:32  Auto-Turret  
  71  19:33  Auto-Turret  
  71  19:55  Outlaw Life and Armor Level 4, Big Red Button  
  71  20:04  Rob Cannonball Boswell  
  81  21:47  SA-55 Thunderbolt Missiles, Moebius M34 Terror Rounds  
  81  22:41  Auto-Turret x2  
  81  22:43  Auto-Turret  
  81  22:44  Auto-Turret x2  
  81  22:46  Auto-Turret  
  81  22:48  Auto-Turret  
  81  22:59  Auto-Turret x2  
  81  23:00  Auto-Turret  
  81  24:37  Outlaw Life and Armor Level 5  
  81  24:42  X-71 Impact Boots  
  81  24:43  Critical Response System  
  81  27:38  Wildflame Fuel Additives  
  81  27:39  Secret Stash Stimpack, Redline Power Cells  
  81  27:40  Hammer Munitions  
  81  31:54  Auto-Turret  
  81  31:55  Auto-Turret  
  81  31:56  Auto-Turret  
  81  31:59  Auto-Turret  
  81  32:00  Auto-Turret  
  81  32:01  Auto-Turret  
  81  32:02  Auto-Turret  
  81  32:03  Auto-Turret  
  81  32:05  Auto-Turret  
  81  32:10  Auto-Turret  
  81  32:12  Auto-Turret x2  
  81  32:14  Auto-Turret  
  81  32:16  Auto-Turret  
  81  32:43  XCMC-670 Combat Suit, MALICE Ammunition  
Tags
 
Add a new tag
Caveats
  • Supply blocks, unpowered buildings, or Contaminate may cause inaccurate times.
  • Supply counts are checked every 10 seconds.